[Event "Teplice Open 2019"]
[Site "Teplice"]
[Date "2019.06.15"]
[Round "1.8"]
[White "Riebel, Werner"]
[Black "Lagarde, Maxime"]
[Result "0-1"]
[ECO "D00"]
[WhiteElo "2115"]
[BlackElo "2599"]
[Annotator "ChessBase"]
[PlyCount "58"]
[EventDate "2019.06.15"]
[EventType "swiss"]
[EventCountry "CZE"]
[SourceTitle "playchess.com"]
[Source "ChessBase"]
[SourceQuality "1"]
[TimeControl "40/5400+30:1800+30"]

1. d4 Nc6 2. Bg5 d5 3. e3 Bf5 4. c4 f6 5. cxd5 Qxd5 6. Nc3 Qa5 7. Bh4 O-O-O 8. Qb3 e5 9. dxe5 Nxe5 10. Bg3 Bb4 11. Bxe5 fxe5 12. Bc4 Be4 13. Nge2 Bxg2 14. Rg1 Bf3 15. Rxg7 Nf6 16. a3 Bxe2 17. Bxe2 Bxc3+ 18. bxc3 Rd6 19. Rc1 Rhd8 20. Rd1 Rxd1+ 21. Bxd1 Kb8 22. Be2 e4 23. Kf1 Qe5 24. Ba6 Qd5 25. Bc4 Qh5 26. Be2 Qxh2 27. Ba6 b6 28. Qf7 Qh1+ {[%emt 0:00:09] Qb3 Qh2 Qa4 Qh3+} 29. Ke2 Nd7 {[%emt 0:00:16] Qc6 Nf6 Qa4 Qh2 Kf1} 0-1

[Event "Teplice Open 2019"]
[Site "Teplice"]
[Date "2019.06.15"]
[Round "1.10"]
[White "Kastek, Thomas"]
[Black "Hracek, Zbynek"]
[Result "0-1"]
[ECO "A36"]
[WhiteElo "2112"]
[BlackElo "2582"]
[Annotator "RC"]
[PlyCount "64"]
[EventDate "2019.06.15"]
[EventType "swiss"]
[EventCountry "CZE"]
[SourceTitle "playchess.com"]
[Source "ChessBase"]
[SourceQuality "1"]
[TimeControl "40/5400+30:1800+30"]

1. c4 c5 2. g3 g6 3. Bg2 Bg7 4. Nc3 Nc6 5. e4 e6 6. Nge2 Nge7 7. d3 a6 8. Rb1 O-O 9. O-O b5 10. cxb5 axb5 11. Nxb5 Rxa2 12. Na3 Na5 13. Qc2 Nec6 14. Nc3 Nb4 15. Qd1 Bxc3 16. bxc3 Nbc6 17. Nb5 d6 18. Bh6 Re8 19. d4 cxd4 20. cxd4 Ba6 21. Re1 Qf6 22. f4 Bxb5 23. e5 dxe5 24. dxe5 Qe7 25. Rxb5 Rd8 26. Qc1 Rdd2 27. Bxc6 Nxc6 28. Qxc6 Qa7+ 29. Qc5 Rg2+ 30. Kh1 Rxh2+ 31. Kg1 Rh1+ 32. Kxh1 Qa8+ 0-1

[Event "Teplice Open 2019"]
[Site "Teplice"]
[Date "2019.06.15"]
[Round "1.11"]
[White "Romanov, Evgeny"]
[Black "Lys, Josef"]
[Result "1-0"]
[ECO "A20"]
[WhiteElo "2577"]
[BlackElo "2108"]
[Annotator "ChessBase"]
[PlyCount "31"]
[EventDate "2019.06.15"]
[EventType "swiss"]
[EventCountry "CZE"]
[SourceTitle "playchess.com"]
[Source "ChessBase"]
[SourceQuality "1"]
[TimeControl "40/5400+30:1800+30"]

1. c4 e5 2. g3 c6 3. Nf3 Qc7 4. Nc3 d6 5. d4 Nf6 6. Bg2 Bg4 7. O-O Be7 8. h3 Bxf3 9. exf3 O-O 10. f4 exd4 11. Qxd4 Nbd7 12. g4 a5 13. g5 Ne8 14. Re1 Nc5 15. Qe3 Bd8 16. Qxe8 1-0

[Event "Teplice Open 2019"]
[Site "Teplice"]
[Date "2019.06.15"]
[Round "1.12"]
[White "Horak, Ales"]
[Black "Epishin, Vladimir"]
[Result "0-1"]
[ECO "B06"]
[WhiteElo "2106"]
[BlackElo "2564"]
[Annotator "RC"]
[PlyCount "88"]
[EventDate "2019.06.15"]
[EventType "swiss"]
[EventCountry "CZE"]
[SourceTitle "playchess.com"]
[Source "ChessBase"]
[SourceQuality "1"]
[TimeControl "40/5400+30:1800+30"]

1. e4 g6 2. d4 Bg7 3. Nf3 d6 4. Bc4 Nf6 5. e5 dxe5 6. Nxe5 O-O 7. O-O Nbd7 8. Bg5 Nxe5 9. dxe5 Ne4 10. Qxd8 Rxd8 11. Bxe7 Re8 12. Bf6 Nxf6 13. exf6 Bxf6 14. Nc3 Bf5 15. Nd5 Be5 16. Ne3 Be4 17. c3 Rad8 18. Rad1 Bc6 19. Rxd8 Rxd8 20. Rd1 Rb8 21. Nd5 Kg7 22. Ne7 Be8 23. Nd5 a5 24. Re1 Bd6 25. a3 b5 26. Ba2 Bd7 27. Ne3 f5 28. Nc2 Rd8 29. h4 Kf6 30. Ne3 c6 31. Rd1 Bc7 32. Kf1 a4 33. Bb1 f4 34. Nc2 Bf5 35. Rc1 Bb6 36. Nd4 Bxb1 37. Rxb1 Bxd4 38. cxd4 Rxd4 39. Ke2 c5 40. Rc1 c4 41. Rc2 Ke5 42. Kf3 h5 43. Re2+ Kf5 44. g3 Rd3+ 0-1

[Event "Teplice Open 2019"]
[Site "Teplice"]
[Date "2019.06.15"]
[Round "1.14"]
[White "Novotny, Martin"]
[Black "Vorobiov, Evgeny E."]
[Result "0-1"]
[ECO "D21"]
[WhiteElo "2089"]
[BlackElo "2556"]
[Annotator "RC"]
[PlyCount "78"]
[EventDate "2019.06.15"]
[EventType "swiss"]
[EventCountry "CZE"]
[SourceTitle "playchess.com"]
[Source "ChessBase"]
[SourceQuality "1"]
[TimeControl "40/5400+30:1800+30"]

1. d4 d5 2. c4 dxc4 3. Nf3 a6 4. a4 Nc6 5. e3 Bg4 6. Bxc4 e6 7. O-O Nf6 8. Nbd2 Be7 9. b3 O-O 10. Bb2 Nb4 11. Rc1 Rc8 12. Be2 c5 13. Nc4 Nfd5 14. dxc5 Bxc5 15. Nd4 Bxe2 16. Qxe2 Qe7 17. Rfd1 Rfd8 18. Qg4 Nf6 19. Qf3 Rc7 20. a5 Rcd7 21. h3 h6 22. g4 Nh7 23. Kg2 Nf8 24. Ba3 Ng6 25. Kh2 Rd5 26. Nb6 Bxb6 27. axb6 Qd6+ 28. Kg1 Qxb6 29. Bb2 Ne5 30. Qe2 Ned3 31. Rxd3 Nxd3 32. Qxd3 e5 33. Qc4 exd4 34. Bxd4 Qg6 35. Kh2 Qe4 36. Qc3 Qf3 37. Rc2 h5 38. e4 Qf4+ 39. Kg1 Rxd4 0-1

[Event "Teplice Open 2019"]
[Site "Teplice"]
[Date "2019.06.15"]
[Round "1.16"]
[White "Janda, Zdenek"]
[Black "Babula, Vlastimil"]
[Result "0-1"]
[ECO "A48"]
[WhiteElo "2082"]
[BlackElo "2550"]
[Annotator "RC"]
[PlyCount "104"]
[EventDate "2019.06.15"]
[EventType "swiss"]
[EventCountry "CZE"]
[SourceTitle "playchess.com"]
[Source "ChessBase"]
[SourceQuality "1"]
[TimeControl "40/5400+30:1800+30"]

1. d4 Nf6 2. Nf3 g6 3. Bf4 Bg7 4. e3 d6 5. Bc4 O-O 6. c3 Nbd7 7. h3 b6 8. O-O Bb7 9. Nbd2 Qe8 10. Bh2 e5 11. dxe5 dxe5 12. Qe2 a6 13. Rfd1 e4 14. Ne1 Ne5 15. a4 Nfd7 16. Nb3 c6 17. Nd2 c5 18. Bb3 Qe7 19. Nc4 Nxc4 20. Bxc4 Be5 21. Bxe5 Nxe5 22. Bd5 Rfd8 23. Bxb7 Qxb7 24. Rxd8+ Rxd8 25. Rd1 Rd5 26. f4 Nc4 27. Rxd5 Qxd5 28. Kf2 f5 29. g4 Qd2 30. b3 Qxe2+ 31. Kxe2 Na5 32. b4 Nc4 33. gxf5 gxf5 34. Ng2 Kf7 35. Kd1 cxb4 36. Kc2 bxc3 37. Kxc3 Na5 38. Ne1 Ke6 39. Nc2 Nc6 40. Kc4 Kd6 41. Na3 Na5+ 42. Kd4 h6 43. Nc2 b5 44. axb5 axb5 45. Kc3 Nc6 46. Na1 Ke6 47. Kb3 Kd5 48. Kc3 b4+ 49. Kb3 Kc5 50. Nc2 Kb5 51. Ne1 Na5+ 52. Kc2 Ka4 0-1

[Event "Teplice Open 2019"]
[Site "Teplice"]
[Date "2019.06.15"]
[Round "1.17"]
[White "Plat, Vojtech"]
[Black "Mulenko, Alexander"]
[Result "1-0"]
[ECO "B08"]
[WhiteElo "2547"]
[BlackElo "2075"]
[Annotator "ChessBase"]
[PlyCount "75"]
[EventDate "2019.06.15"]
[EventType "swiss"]
[EventCountry "CZE"]
[SourceTitle "playchess.com"]
[Source "ChessBase"]
[SourceQuality "1"]
[TimeControl "40/5400+30:1800+30"]

1. e4 Nf6 2. e5 Nd5 3. d4 d6 4. exd6 cxd6 5. Nf3 g6 6. a4 Bg7 7. Bc4 Nf6 8. Nc3 d5 9. Bb5+ Bd7 10. Ne5 O-O 11. O-O Nc6 12. Re1 Rc8 13. Bg5 a6 14. Bf1 Bf5 15. Nxc6 Rxc6 16. Ra3 h6 17. Bf4 Ne4 18. Nxe4 Bxe4 19. c3 g5 20. Bg3 Bg6 21. Rb3 Qd7 22. Rb4 a5 23. Rb5 b6 24. Qb3 e6 25. Rxb6 Rxb6 26. Qxb6 Qxa4 27. Bd6 Ra8 28. Bb5 Qb3 29. Qb7 Rd8 30. Be7 Re8 31. Bb4 axb4 32. Bxe8 Qxb2 33. Qxb4 Qxb4 34. cxb4 Bxd4 35. b5 Kf8 36. Bc6 Be4 37. Rd1 e5 38. Rxd4 1-0

[Event "Teplice Open 2019"]
[Site "Teplice"]
[Date "2019.06.15"]
[Round "1.19"]
[White "Dragnev, Valentin"]
[Black "Fraczek, Dariusz"]
[Result "1-0"]
[ECO "E60"]
[WhiteElo "2521"]
[BlackElo "2066"]
[Annotator "ChessBase"]
[PlyCount "47"]
[EventDate "2019.06.15"]
[EventType "swiss"]
[EventCountry "CZE"]
[SourceTitle "playchess.com"]
[Source "ChessBase"]
[SourceQuality "1"]
[TimeControl "40/5400+30:1800+30"]

1. Nf3 Nf6 2. b3 g6 3. Bb2 Bg7 4. e3 O-O 5. d4 d6 6. Be2 Nbd7 7. O-O e5 8. dxe5 Ng4 9. c4 Ngxe5 10. Nc3 Nxf3+ 11. Bxf3 Ne5 12. Be2 Qh4 13. Qd2 Bg4 14. f3 Be6 15. f4 Ng4 16. h3 Nh6 17. Bf3 c6 18. Ne4 Nf5 19. Bxg7 Kxg7 20. g4 Nh6 21. Qd4+ f6 22. Qxd6 Rae8 23. Kg2 Bxg4 24. hxg4 1-0

[Event "Teplice Open 2019"]
[Site "Teplice"]
[Date "2019.06.15"]
[Round "1.20"]
[White "Skurniak, Szymon"]
[Black "Ali Marandi, Cemil Can"]
[Result "0-1"]
[ECO "C26"]
[WhiteElo "2066"]
[BlackElo "2520"]
[Annotator "ChessBase"]
[PlyCount "52"]
[EventDate "2019.06.15"]
[EventType "swiss"]
[EventCountry "CZE"]
[SourceTitle "playchess.com"]
[Source "ChessBase"]
[SourceQuality "1"]
[TimeControl "40/5400+30:1800+30"]

1. e4 e5 2. Nc3 Nf6 3. g3 c6 4. Nf3 d5 5. Nxe5 dxe4 6. d4 Bb4 7. Bg2 Bf5 8. O-O h6 9. f3 exf3 10. Rxf3 Be6 11. Ne2 Bd5 12. Rf1 Bxg2 13. Kxg2 O-O 14. Nf4 Nbd7 15. c3 Bd6 16. Nxd7 Qxd7 17. Nh5 Ne4 18. Qf3 f5 19. g4 fxg4 20. Qxe4 Rxf1 21. Kxf1 Qf7+ 22. Kg2 Rf8 23. Be3 Qxh5 24. Qe6+ Kh7 25. Qxd6 Qh3+ 26. Kh1 Rf1+ 0-1

[Event "Teplice Open 2019"]
[Site "Teplice"]
[Date "2019.06.15"]
[Round "1.21"]
[White "Greenfeld, Alon"]
[Black "Domanski, Lukasz"]
[Result "1-0"]
[ECO "E68"]
[WhiteElo "2513"]
[BlackElo "2059"]
[Annotator "ChessBase"]
[PlyCount "45"]
[EventDate "2019.06.15"]
[EventType "swiss"]
[EventCountry "CZE"]
[SourceTitle "playchess.com"]
[Source "ChessBase"]
[SourceQuality "1"]
[TimeControl "40/5400+30:1800+30"]

1. d4 d6 2. Nf3 Nf6 3. g3 g6 4. Bg2 Bg7 5. c4 O-O 6. Nc3 Nbd7 7. O-O e5 8. e4 exd4 9. Nxd4 Re8 10. h3 a6 11. Be3 Rb8 12. b3 c5 13. Nde2 Ne5 14. f4 Nc6 15. Qd2 h5 16. Rad1 Bf8 17. f5 Kh7 18. Bg5 Be7 19. Qf4 Rf8 20. Bxf6 Bxf6 21. Rxd6 Qe7 22. fxg6+ fxg6 23. Rxf6 1-0

[Event "Teplice Open 2019"]
[Site "Teplice"]
[Date "2019.06.15"]
[Round "1.22"]
[White "Kangas, Lauri"]
[Black "Krzyzanowski, Marcin"]
[Result "1/2-1/2"]
[ECO "E83"]
[WhiteElo "2059"]
[BlackElo "2510"]
[Annotator "ChessBase"]
[PlyCount "92"]
[EventDate "2019.06.15"]
[EventType "swiss"]
[EventCountry "CZE"]
[SourceTitle "playchess.com"]
[Source "ChessBase"]
[SourceQuality "1"]
[TimeControl "40/5400+30:1800+30"]

1. d4 Nf6 2. c4 g6 3. Nc3 Bg7 4. e4 d6 5. Bd3 O-O 6. Nge2 Nc6 7. O-O Nd7 8. Be3 e5 9. d5 Nd4 10. Nb5 Nxb5 11. cxb5 f5 12. f3 f4 13. Bf2 Nf6 14. Rc1 g5 15. Rc3 Rf7 16. Qc2 Ne8 17. Kh1 h5 18. Rc1 g4 19. b6 axb6 20. Bxb6 gxf3 21. gxf3 Rxa2 22. Bb5 Bh3 23. Ng1 Bd7 24. Bxc7 Qe7 25. Bb6 Kh7 26. Bxd7 Qxd7 27. Ra3 Rxa3 28. bxa3 Bf6 29. Qc8 Qb5 30. Qf5+ Kg7 31. Qc8 Qxb6 32. Qxe8 Qd8 33. Qxd8 Bxd8 34. Rc8 Bb6 35. Kg2 Bc5 36. a4 b5 37. axb5 Rb7 38. Ra8 Rxb5 39. Ra2 Kf6 40. Nh3 Rb3 41. Rc2 Rb1 42. Ra2 Rb8 43. Kf1 Ke7 44. Kg2 Rg8+ 45. Kf1 Kd7 46. Rg2 Rxg2 1/2-1/2

[Event "Teplice Open 2019"]
[Site "Teplice"]
[Date "2019.06.15"]
[Round "1.23"]
[White "Salomon, Johan"]
[Black "Polansky, Adam Lubos"]
[Result "1-0"]
[ECO "A13"]
[WhiteElo "2509"]
[BlackElo "2056"]
[Annotator "ChessBase"]
[PlyCount "41"]
[EventDate "2019.06.15"]
[EventType "swiss"]
[EventCountry "CZE"]
[SourceTitle "playchess.com"]
[Source "ChessBase"]
[SourceQuality "1"]
[TimeControl "40/5400+30:1800+30"]

1. Nf3 Nf6 2. c4 e6 3. Nc3 d5 4. e3 Be7 5. b3 b6 6. cxd5 exd5 7. Bb5+ c6 8. Be2 O-O 9. Bb2 c5 10. d4 Nc6 11. O-O Bb7 12. Rc1 Rc8 13. dxc5 bxc5 14. Na4 Nb8 15. Bxf6 gxf6 16. Nh4 Nd7 17. Bd3 Ne5 18. Bf5 Rc7 19. Qh5 Ng6 20. Rfd1 Qb8 21. e4 1-0

[Event "Teplice Open 2019"]
[Site "Teplice"]
[Date "2019.06.15"]
[Round "1.24"]
[White "Marcinczyk, Monika"]
[Black "Gumularz, Szymon"]
[Result "0-1"]
[ECO "B06"]
[WhiteElo "2056"]
[BlackElo "2495"]
[Annotator "ChessBase"]
[PlyCount "54"]
[EventDate "2019.06.15"]
[EventType "swiss"]
[EventCountry "CZE"]
[SourceTitle "playchess.com"]
[Source "ChessBase"]
[SourceQuality "1"]
[TimeControl "40/5400+30:1800+30"]

1. e4 g6 2. d4 Bg7 3. Nc3 d6 4. Be3 a6 5. f3 b5 6. Qd2 Nd7 7. Nh3 Bb7 8. Be2 Ngf6 9. O-O O-O 10. Nf2 c5 11. a4 b4 12. Na2 cxd4 13. Bxd4 a5 14. c3 Nc5 15. Nc1 bxc3 16. Bxc3 Bc6 17. b3 Qb6 18. Qb2 Rfb8 19. Rb1 Ne8 20. Bc4 Nxa4 21. bxa4 Qxb2 22. Bxb2 Rxb2 23. Rxb2 Bxb2 24. Bd5 Bxd5 25. exd5 Nf6 26. Ncd3 Bd4 27. Rd1 Nxd5 0-1

[Event "Teplice Open 2019"]
[Site "Teplice"]
[Date "2019.06.15"]
[Round "1.25"]
[White "Janik, Igor"]
[Black "Placer, Sebastian"]
[Result "1-0"]
[ECO "B12"]
[WhiteElo "2483"]
[BlackElo "2052"]
[Annotator "ChessBase"]
[PlyCount "109"]
[EventDate "2019.06.15"]
[EventType "swiss"]
[EventCountry "CZE"]
[SourceTitle "playchess.com"]
[Source "ChessBase"]
[SourceQuality "1"]
[TimeControl "40/5400+30:1800+30"]

1. e4 c6 2. d4 d5 3. e5 Bf5 4. Nf3 e6 5. Be2 c5 6. Be3 cxd4 7. Nxd4 Ne7 8. O-O Nbc6 9. Bb5 a6 10. Bxc6+ bxc6 11. Nd2 Qc7 12. f4 c5 13. N4b3 d4 14. Nc4 Nd5 15. Bd2 h5 16. Rc1 Be7 17. Qf3 Rb8 18. h3 h4 19. Be1 Bg6 20. Nbd2 Nb4 21. Ne4 Bxe4 22. Qxe4 Qc6 23. Qxc6+ Nxc6 24. Rf3 Nb4 25. Bxb4 Rxb4 26. b3 Kd7 27. Kf2 f5 28. exf6 gxf6 29. c3 dxc3 30. Rd1+ Ke8 31. Rxc3 Kf7 32. Re3 Rc8 33. Rde1 Rc6 34. f5 e5 35. Re4 Rc8 36. Rxh4 Rd8 37. Rh7+ Kf8 38. Rh8+ Kf7 39. Rxd8 Bxd8 40. Rd1 Ke7 41. Rd6 a5 42. Ra6 Rb5 43. Ra7+ Kf8 44. Ke3 Be7 45. Ke4 Rb8 46. Nxa5 Rc8 47. g4 Ke8 48. g5 fxg5 49. Kxe5 Bd8 50. Nc4 Bc7+ 51. Ke6 Bf4 52. f6 Rc6+ 53. Kf5 Rc8 54. Rh7 Rc6 55. h4 1-0

[Event "Teplice Open 2019"]
[Site "Teplice"]
[Date "2019.06.15"]
[Round "1.26"]
[White "Koubova, Anna Marie"]
[Black "Kraus, Tomas"]
[Result "0-1"]
[ECO "A60"]
[WhiteElo "2050"]
[BlackElo "2479"]
[Annotator "ChessBase"]
[PlyCount "56"]
[EventDate "2019.06.15"]
[EventType "swiss"]
[EventCountry "CZE"]
[SourceTitle "playchess.com"]
[Source "ChessBase"]
[SourceQuality "1"]
[TimeControl "40/5400+30:1800+30"]

1. d4 Nf6 2. c4 e6 3. Nf3 c5 4. d5 exd5 5. cxd5 Bd6 6. Nc3 Bc7 7. e3 d6 8. Bd3 a6 9. a4 O-O 10. Qc2 Re8 11. O-O Nbd7 12. b3 Nf8 13. Bb2 Rb8 14. Nh4 Ng6 15. Nf5 Ne5 16. e4 Bxf5 17. exf5 Ba5 18. Be4 c4 19. bxc4 Nxc4 20. Bd3 Nxb2 21. Qxb2 Re5 22. Rad1 Rc8 23. Ne2 Nxd5 24. Ng3 Nc3 25. Ra1 Qb6 26. Qxb6 Bxb6 27. f6 g6 28. h4 Bd8 0-1

[Event "Teplice Open 2019"]
[Site "Teplice"]
[Date "2019.06.15"]
[Round "1.27"]
[White "Blohberger, Felix"]
[Black "Stanescu, Christian"]
[Result "1-0"]
[ECO "E60"]
[WhiteElo "2475"]
[BlackElo "2048"]
[Annotator "ChessBase"]
[PlyCount "106"]
[EventDate "2019.06.15"]
[EventType "swiss"]
[EventCountry "CZE"]
[SourceTitle "playchess.com"]
[Source "ChessBase"]
[SourceQuality "1"]
[TimeControl "40/5400+30:1800+30"]

1. Nf3 Nf6 2. c4 g6 3. b3 Bg7 4. Bb2 O-O 5. e3 d6 6. d4 Nbd7 7. Be2 e5 8. dxe5 Ng4 9. O-O Ngxe5 10. Nc3 Nxf3+ 11. Bxf3 a5 12. Qd2 Nc5 13. Nd5 Bxb2 14. Qxb2 f6 15. Rfd1 Bd7 16. a3 c6 17. Nc3 Qe7 18. b4 axb4 19. axb4 Rxa1 20. Qxa1 Na6 21. Qa5 Be6 22. Bxc6 Nxb4 23. Qxb4 bxc6 24. Rxd6 c5 25. Qxc5 Rc8 26. Qb6 Bxc4 27. Rc6 Rxc6 28. Qxc6 Be6 29. Ne4 Kg7 30. Nc5 Bf7 31. h3 h5 32. Ne4 Qe5 33. f4 Qf5 34. Kh2 h4 35. Nd6 Qe6 36. Qc7 f5 37. Qc5 Qf6 38. Nb5 Qe6 39. Nd4 Qf6 40. Nf3 Kh6 41. Qf8+ Qg7 42. Qxg7+ Kxg7 43. Nxh4 Be6 44. Nf3 Bd7 45. Kg1 Kh6 46. Kf2 Kh5 47. Ng5 Bc6 48. g3 Bb7 49. Ke2 Ba6+ 50. Kd2 Bb7 51. Kd3 Bg2 52. Kd4 Bc6 53. Ke5 Ba4 {[%emt 0:00:19] Ke4} 1-0

[Event "Teplice Open 2019"]
[Site "Teplice"]
[Date "2019.06.15"]
[Round "1.28"]
[White "Neumann, Filip"]
[Black "Warmerdam, Max"]
[Result "0-1"]
[ECO "A04"]
[WhiteElo "2047"]
[BlackElo "2475"]
[Annotator "ChessBase"]
[PlyCount "62"]
[EventDate "2019.06.15"]
[EventType "swiss"]
[EventCountry "CZE"]
[SourceTitle "playchess.com"]
[Source "ChessBase"]
[SourceQuality "1"]
[TimeControl "40/5400+30:1800+30"]

1. e4 c5 2. Nf3 e6 3. d3 Nc6 4. g3 g6 5. Bg2 Bg7 6. O-O Nge7 7. Re1 e5 8. Nc3 d6 9. Nd2 O-O 10. Nc4 Be6 11. Ne3 Qd7 12. h4 f5 13. Ned5 Rae8 14. Bg5 Bxd5 15. exd5 Nd8 16. h5 Nf7 17. Bxe7 Rxe7 18. hxg6 hxg6 19. Rb1 Rc8 20. Ne2 b5 21. c4 bxc4 22. dxc4 Bh6 23. Nc3 e4 24. f3 Ne5 25. b3 exf3 26. Bxf3 Rce8 27. Rf1 Be3+ 28. Kg2 Bd4 29. Nb5 Nxf3 30. Rxf3 Re2+ 31. Kf1 Qh7 0-1

[Event "Teplice Open 2019"]
[Site "Teplice"]
[Date "2019.06.15"]
[Round "1.29"]
[White "Gavrilescu, David"]
[Black "Gallik, Miroslav"]
[Result "1-0"]
[ECO "C30"]
[WhiteElo "2475"]
[BlackElo "2046"]
[Annotator "ChessBase"]
[PlyCount "87"]
[EventDate "2019.06.15"]
[EventType "swiss"]
[EventCountry "CZE"]
[SourceTitle "playchess.com"]
[Source "ChessBase"]
[SourceQuality "1"]
[TimeControl "40/5400+30:1800+30"]

1. e4 e5 2. Bc4 Nc6 3. Nc3 Nf6 4. d3 Bc5 5. f4 d6 6. Nf3 a6 7. f5 h6 8. Qe2 b5 9. Bb3 Bb7 10. Nd5 Na5 11. Nxf6+ Qxf6 12. g4 Nxb3 13. axb3 O-O-O 14. c4 c6 15. Be3 Bxe3 16. Qxe3 Kc7 17. b4 Qe7 18. Kf2 Kb8 19. Rhc1 Rhe8 20. cxb5 cxb5 21. Qb6 Rc8 22. Rxc8+ Rxc8 23. Rxa6 Rc6 24. Qa7+ Kc7 25. Rxc6+ Kxc6 26. d4 Kc7 27. d5 Kc8 28. Qb6 g6 29. Qxb5 gxf5 30. gxf5 Qd8 31. Qa5 Qg8 32. b5 h5 33. Qc3+ Kd7 34. Qe3 Qc8 35. Kg3 Qc4 36. Qb6 Kc8 37. Qxd6 Qxe4 38. Qf8+ Kc7 39. Qxf7+ Kb6 40. Qe6+ Kxb5 41. Qxe5 h4+ 42. Kf2 Qxe5 43. Nxe5 Bxd5 44. f6 1-0

[Event "Teplice Open 2019"]
[Site "Teplice"]
[Date "2019.06.15"]
[Round "1.30"]
[White "Pacl, Vaclav"]
[Black "Loiseau, Quentin"]
[Result "0-1"]
[ECO "A11"]
[WhiteElo "2045"]
[BlackElo "2471"]
[Annotator "ChessBase"]
[PlyCount "50"]
[EventDate "2019.06.15"]
[EventType "swiss"]
[EventCountry "CZE"]
[SourceTitle "playchess.com"]
[Source "ChessBase"]
[SourceQuality "1"]
[TimeControl "40/5400+30:1800+30"]

1. Nf3 d5 2. e3 Nf6 3. c4 c6 4. Nc3 e6 5. b3 Bd6 6. Bb2 O-O 7. Qc2 e5 8. cxd5 cxd5 9. Nb5 Nc6 10. Nxd6 Qxd6 11. Bb5 Nb4 12. Qc1 Qb6 13. Be2 Bf5 14. O-O Rac8 15. Bc3 Nc2 16. Nh4 Be4 17. f3 d4 18. fxe4 Nxa1 19. Nf5 dxc3 20. Ne7+ Kh8 21. Nxc8 Rxc8 22. Bc4 cxd2 23. Qxd2 Nxe4 24. Qd3 Nc2 25. Qxe4 Nxe3 0-1

[Event "Teplice Open 2019"]
[Site "Teplice"]
[Date "2019.06.15"]
[Round "1.31"]
[White "Vogel, Roven"]
[Black "Tuma, Jan"]
[Result "1-0"]
[ECO "E18"]
[WhiteElo "2471"]
[BlackElo "2033"]
[Annotator "ChessBase"]
[PlyCount "51"]
[EventDate "2019.06.15"]
[EventType "swiss"]
[EventCountry "CZE"]
[SourceTitle "playchess.com"]
[Source "ChessBase"]
[SourceQuality "1"]
[TimeControl "40/5400+30:1800+30"]

1. d4 Nf6 2. c4 e6 3. Nf3 d5 4. g3 Be7 5. Bg2 O-O 6. O-O b6 7. cxd5 exd5 8. Nc3 Bb7 9. Ne5 a6 10. Qb3 Ne4 11. Rd1 Qd6 12. Bxe4 dxe4 13. Bf4 Qd8 14. Qc2 Kh8 15. d5 f5 16. Nc6 Bxc6 17. dxc6 Qe8 18. Nd5 Qxc6 19. Rac1 Qxc2 20. Rxc2 Bc5 21. b4 Bd6 22. Nxc7 Bxc7 23. Rxc7 h6 24. Be5 Rg8 25. Rd6 Kh7 26. Rxb6 1-0

[Event "Teplice Open 2019"]
[Site "Teplice"]
[Date "2019.06.15"]
[Round "1.32"]
[White "Christiansen, Arne"]
[Black "Cernousek, Lukas"]
[Result "1/2-1/2"]
[ECO "A87"]
[WhiteElo "2033"]
[BlackElo "2466"]
[Annotator "ChessBase"]
[PlyCount "60"]
[EventDate "2019.06.15"]
[EventType "swiss"]
[EventCountry "CZE"]
[SourceTitle "playchess.com"]
[Source "ChessBase"]
[SourceQuality "1"]
[TimeControl "40/5400+30:1800+30"]

1. d4 f5 2. c4 Nf6 3. Nf3 g6 4. Nc3 Bg7 5. g3 O-O 6. Bg2 d6 7. O-O Qe8 8. d5 Na6 9. Be3 c6 10. Qd2 Ng4 11. Bf4 Nc5 12. Rac1 h6 13. h4 a5 14. Rfe1 Ne4 15. Nxe4 fxe4 16. Nh2 e3 17. Bxe3 Nxe3 18. Qxe3 Bxb2 19. Rb1 Bg7 20. c5 dxc5 21. Qxc5 cxd5 22. Bxd5+ Kh8 23. Bxb7 Bxb7 24. Rxb7 Rc8 25. Qe3 Rc3 26. Qe4 Qf7 27. Nf3 Rc4 28. Qe3 Rc3 29. Qe4 Rc4 30. Qe3 Rc3 1/2-1/2

[Event "Teplice Open 2019"]
[Site "Teplice"]
[Date "2019.06.15"]
[Round "1.33"]
[White "Abdumalik, Zhansaya"]
[Black "Olsen, Aage Dalstrup"]
[Result "1-0"]
[ECO "B75"]
[WhiteElo "2464"]
[BlackElo "2031"]
[Annotator "ChessBase"]
[PlyCount "83"]
[EventDate "2019.06.15"]
[EventType "swiss"]
[EventCountry "CZE"]
[SourceTitle "playchess.com"]
[Source "ChessBase"]
[SourceQuality "1"]
[TimeControl "40/5400+30:1800+30"]

1. e4 c5 2. Nf3 d6 3. d4 cxd4 4. Nxd4 Nf6 5. Nc3 g6 6. Be3 Bg7 7. f3 h5 8. Qd2 Bd7 9. O-O-O Nc6 10. Kb1 a6 11. h4 Rc8 12. Nxc6 Bxc6 13. Bd4 Qc7 14. Bd3 b5 15. Nd5 Bxd5 16. exd5 Qb7 17. Rhe1 Kf8 18. Bf1 Rc7 19. Qa5 Ne8 20. Bf2 Bf6 21. Re4 Rc8 22. g3 Be5 23. Qd2 Nf6 24. Rb4 Qc7 25. c4 bxc4 26. Qc2 Nd7 27. Rxc4 Nc5 28. b4 Qb7 29. Kc1 Rb8 30. bxc5 Bb2+ 31. Kd2 Qxd5+ 32. Qd3 Qe6 33. Re1 Qf6 34. c6 Kg7 35. c7 Rbc8 36. Bh3 e6 37. Rb1 Be5 38. Rc6 d5 39. Rb7 Qe7 40. f4 Bd6 41. Bd4+ f6 42. Rbb6 1-0

[Event "Teplice Open 2019"]
[Site "Teplice"]
[Date "2019.06.15"]
[Round "1.34"]
[White "Popovic, Martin"]
[Black "Haldorsen, Benjamin"]
[Result "0-1"]
[ECO "C84"]
[WhiteElo "2021"]
[BlackElo "2454"]
[Annotator "ChessBase"]
[PlyCount "64"]
[EventDate "2019.06.15"]
[EventType "swiss"]
[EventCountry "CZE"]
[SourceTitle "playchess.com"]
[Source "ChessBase"]
[SourceQuality "1"]
[TimeControl "40/5400+30:1800+30"]

1. e4 e5 2. Nf3 Nc6 3. Bb5 a6 4. Ba4 Nf6 5. O-O Be7 6. c3 Nxe4 7. Re1 Nc5 8. Bxc6 dxc6 9. Nxe5 Nd3 10. Qf3 Nxe5 11. Rxe5 Be6 12. d4 Qd7 13. a4 O-O-O 14. b4 Bxb4 15. Ba3 f6 16. Re1 Bd5 17. Qd3 Rhe8 18. Rc1 Bxa3 19. Nxa3 Qg4 20. f3 Qg6 21. Qxg6 hxg6 22. Kf2 Bb3 23. a5 c5 24. Rab1 Bf7 25. Rd1 cxd4 26. Rxd4 Rxd4 27. cxd4 Rd8 28. Nc2 g5 29. Ke3 Bg6 30. Rc1 Rd5 31. Na3 Rxa5 32. Nc4 Ra2 0-1

[Event "Teplice Open 2019"]
[Site "Teplice"]
[Date "2019.06.15"]
[Round "1.35"]
[White "Song, Raymond"]
[Black "Hlavina, Matous"]
[Result "1-0"]
[ECO "C11"]
[WhiteElo "2450"]
[BlackElo "2006"]
[Annotator "ChessBase"]
[PlyCount "77"]
[EventDate "2019.06.15"]
[EventType "swiss"]
[EventCountry "CZE"]
[SourceTitle "playchess.com"]
[Source "ChessBase"]
[SourceQuality "1"]
[TimeControl "40/5400+30:1800+30"]

1. e4 e6 2. d4 d5 3. Nc3 Nf6 4. e5 Nfd7 5. Nce2 c5 6. c3 Nc6 7. Nf3 a6 8. Nf4 b5 9. Bd3 Be7 10. Be3 Qb6 11. h4 h6 12. Rh3 Bb7 13. Rg3 g6 14. Nxe6 Ncxe5 15. Nxc5 Nxf3+ 16. Qxf3 Nxc5 17. dxc5 Bxc5 18. Bxc5 Qxc5 19. Kf1 O-O-O 20. a4 d4 21. Be4 Qc4+ 22. Kg1 Bxe4 23. Qxe4 Qd5 24. Qxd5 Rxd5 25. axb5 Rxb5 26. Rxa6 Rxb2 27. Ra8+ Rb8 28. Rxb8+ Kxb8 29. cxd4 Rd8 30. h5 Rd6 31. Rf3 Rd7 32. hxg6 fxg6 33. Rf6 Rg7 34. Kh2 Kc7 35. Kg3 Kd7 36. Kf4 Rg8 37. d5 Ke7 38. Ke5 Rg7 39. Ra6 1-0